 Dungeon Crawl Stone Soup version 0.24.0-13-gcf9b319 (webtiles) character file.

Game seed: 474922738647329636, levelgen mode: deterministic

28 Bronimir the Firebug (level 3, -1/19 HPs)
             Began as a Deep Elf Fire Elementalist on May 17, 2020.
             Slain by a gnoll
             ... wielding a +0 spear
              (7 damage)
             ... on level 2 of the Dungeon.
             The game lasted 00:02:04 (1157 turns).

Bronimir the Firebug (Deep Elf Fire Elementalist)   Turns: 1157, Time: 00:02:05

Health: -1/19      AC:  2    Str:  5    XL:     3   Next: 0%
Magic:  7/9        EV: 13    Int: 20    God:
Gold:   72         SH:  0    Dex: 15    Spells: 5/8 levels left

rFire    . . .     SeeInvis .   l - +0 short sword
rCold    . . .     Gourm    .   (no shield)
rNeg     . . .     Faith    .   a - +0 robe
rPois    .         Spirit   .   (no helmet)
rElec    .         Reflect  .   (no cloak)
rCorr    .         Harm     .   (no gloves)
MR       .....                  (no boots)
Stlth    ++........             (no amulet)
HPRegen  0.06/turn              (no ring)
MPRegen  0.11/turn              (no ring)

@: very slightly contaminated
A: no striking features
a: no special abilities


You were on level 2 of the Dungeon.
You were hungry.

You visited 1 branch of the dungeon, and saw 2 of its levels.

You collected 72 gold pieces.

Inventory:

Hand Weapons
 f - a +0 club
 l - a +0 short sword (weapon)
 q - a +0 spear
Missiles
 b - 45 stones (quivered)
 e - 13 arrows
 g - 19 sling bullets
Armour
 a - a +0 robe (worn)
Jewellery
 k - an uncursed ring of resist corrosion {unknown}
 m - an uncursed ring of see invisible {unknown}
Scrolls
 i - a scroll of amnesia {unknown}
 j - 2 scrolls of identify {unknown}
 o - a scroll of magic mapping {unknown}
Potions
 d - a potion of might {unknown}
 h - a potion of magic {unknown}
 n - a potion of berserk rage {unknown}
 p - a potion of curing {unknown}
Comestibles
 c - 2 rations


   Skills:
 + Level 2.6 Dodging
 + Level 2.5 Stealth
 + Level 3.4 Spellcasting
 + Level 1.4 Conjurations
 + Level 4.1 Fire Magic


You had 5 spell levels left.
You knew the following spells:

 Your Spells              Type           Power        Failure   Level  Hunger
a - Flame Tongue          Conj/Fire      ##...        4%          1    None
b - Throw Flame           Conj/Fire      ##....       7%          2    ##.....

Your spell library contained the following spells:

 Spells                   Type           Power        Failure   Level  Hunger
 Conjure Flame            Conj/Fire      ##......     13%         3    ###....
 Inner Flame              Hex/Fire       ##......     17%         3    ###....
 Sticky Flame             Conj/Fire      ##......     41%         4    ####...
 Fireball                 Conj/Fire      ##........   77%         5    ######.


Dungeon Overview and Level Annotations

Branches:
Dungeon (2/15)

Altars:

Annotations:
D:2 Terence


Message History

Confirm with . or Enter, or press ? or * to list all spells.
Aiming: Flame Tongue (safe; 4% risk of failure)
Press: ? - help, Shift-Dir - straight line, f - gnoll
Aim: a gnoll, wielding a +0 rapier You miscast Flame Tongue.
You are very lightly contaminated with residual magic.
You smell something strange.
The gnoll hits you with a +0 rapier.
A gnoll comes into view. It is wielding a +0 spear.
Casting: Flame Tongue (safe; 4% risk of failure)
Confirm with . or Enter, or press ? or * to list all spells.
Aiming: Flame Tongue (safe; 4% risk of failure)
Press: ? - help, Shift-Dir - straight line, f/p - gnoll
Aim: a gnoll, wielding a +0 rapier The flame tongue hits the gnoll!
The gnoll is heavily wounded.
The gnoll shouts!
The gnoll closely misses you.
A rat comes into view.
The gnoll hits you from afar with a +0 spear!
You die...

#. #.# ..
#.# .. #.#
.. #.# . #
#.# ##. #.#
###...###g#
..?..)gg.@#
###..r#####
##. #


You could see 3 gnolls and a rat (wandering).

Vanquished Creatures
  A gnoll (D:2)
  A leopard gecko (D:2)
  3 bats (D:1)
  2 goblins
  5 hobgoblins (D:1)
  A kobold (D:1)
  A frilled lizard (D:1)
  2 rats
16 creatures vanquished.

Notes
Turn   | Place    | Note
-------+----------+-------------------------------------------
     0 | D:1      | Bronimir the Deep Elf Fire Elementalist began the quest for
                  | the Orb.
     0 | D:1      | Reached XP level 1. HP: 10/10 MP: 6/6
   402 | D:1      | Reached XP level 2. HP: 13/15 MP: 4/8
   820 | D:2      | Reached skill level 4 in Fire Magic
   847 | D:2      | Noticed Terence
  1072 | D:1      | Learned a level 2 spell: Throw Flame
  1103 | D:2      | Reached XP level 3. HP: 19/19 MP: 4/9
  1157 | D:2      | Slain by a gnoll

Levels and vault maps discovered:
D:1:      minmay_arrival_four_circles, layout_basic
D:2:      layout_loops_ring, first_ration, uniq_terence, uniq_natasha,
          uniq_sigmund

Skill      XL: |  1  2 |
---------------+-------+-----
Fire Magic     | 4 |  4.1
Dodging        | |  2.6
Stealth        | |  2.5
Spellcasting   | |  3.4
Conjurations   | |  1.4

Action                   || total
-------------------------++-------
Melee: Short sword       ||     4
       Club              ||     2
 Cast: Flame Tongue      ||    35
Armor: Robe              ||     6
Dodge: Dodged            ||    26
